 Dungeon Crawl Stone Soup version 0.20-a0-1025-g4706f7e (webtiles) character file.

4 Gorglomux the Charmwright (level 1, -4/19 HPs)
             Began as a Deep Dwarf Skald on Apr 19, 2017.
             Slain by a gnoll
             ... wielding a +1 halberd of freezing
              (10 damage)
             ... on level 1 of the Dungeon.
             The game lasted 00:00:22 (173 turns).

Gorglomux the Charmwright (Deep Dwarf Skald)         Turns: 173, Time: 00:00:23

Health: -4/19      AC:  3    Str: 14    XL:     1   Next: 58%
Magic:  0/3        EV: 12    Int: 13    God:
Gold:   9          SH:  0    Dex: 12    Spells: 2/3 levels left

rFire    . . .     SeeInvis .   a - +0 hand axe
rCold    . . .     Gourm    .   (no shield)
rNeg     . . .     Faith    .   b - +0 leather armour
rPois    .         Spirit   .   (no helmet)
rElec    .         Reflect  .   (no cloak)
rCorr    .         Harm     .   (no gloves)
MR       .....                  (no boots)
Stlth    +.........             (no amulet)
Regen    0.0/turn               (no ring)
MPRegen  0.1/turn               (no ring)

@: infused, non-regenerating
A: damage resistance, heal wounds, sense surroundings 1, no regeneration
a: Heal Wounds


You were on level 1 of the Dungeon.
You were not hungry.

You visited 1 branch of the dungeon, and saw 1 of its levels.

You collected 9 gold pieces.

Inventory:

Hand Weapons
 a - a +0 hand axe (weapon)
Missiles
 h - 4 stones (quivered)
Armour
 b - a +0 leather armour (worn)
Scrolls
 e - a scroll of enchant weapon {unknown}
 f - a scroll of identify {unknown}
 g - a scroll of teleportation {unknown}
Books
 c - a book of Battle
Comestibles
 d - a bread ration {@e1@e1}


   Skills:
 + Level 1.8 Fighting
 * Level 2.6 Axes
 - Level 1.1 Armour
 - Level 2.1 Dodging
 - Level 1.7 Spellcasting
 - Level 2.6 Charms


You had 2 spell levels left.
You knew the following spells:

 Your Spells              Type           Power        Failure   Level  Hunger
a - Infusion              Chrm           #...         11%         1    ##.....


Dungeon Overview and Level Annotations

Branches:
Dungeon (1/15)

Altars:


Innate Abilities, Weirdness & Mutations

You are resistant to damage.
You can heal yourself by infusing magical energy.
You passively map a small area around you.
You do not regenerate.


Message History

Welcome, Gorglomux the Deep Dwarf Skald.
It is said that the Orb of Zot exists deep within this dungeon.
Found a scroll labeled KEDUSA EZUKKI.
Found a staircase leading out of the dungeon.
e - a scroll labeled KEDUSA EZUKKI
f - a scroll labeled KEILOM LE JUOGH You open the door.
There is an open door here.
There is an open door here.
You open the door.
There is an open door here.
g - a scroll labeled OFAMI WORI Unknown command.
Okay, then.
You open the door.
There is an open door here.
You open the door.
There is an open door here.
There is an open door here.
A kobold comes into view.
A kobold is nearby!
A kobold is nearby!
Unknown command.
Okay, then.
The kobold throws a stone.
The stone barely misses you.
You begin infusing your attacks with magical energy.
The kobold throws a stone.
The stone hits you but does no damage.
You now have 2/3 mp.
The kobold throws a stone.
The stone hits you.
The kobold throws a stone.
The stone hits you but does no damage.
You see here a stone.
The kobold hits you.
You take 1 damage, and have 18/19 hp.
You closely miss the kobold. The kobold hits you but does no damage.
You hit the kobold.
You kill the kobold!
You now have 1/3 mp.
No target in view!
No target in view!
Unknown command.
You see here a stone.
h - a stone You now have 9 gold pieces.
h - 2 stones (gained 1)
Your magical infusion is running out.
h - 3 stones (gained 1)
You are no longer magically infusing your attacks.
h - 4 stones (gained 1)
You see here a kobold corpse.
A kobold comes into view. It is wielding a club.
The kobold shouts!
You hear a shout! x2
The kobold throws a stone.
The stone barely misses you.
You see here a stone.
MP restored: 3 A kobold is nearby!
A kobold is nearby!
A kobold is nearby!
A goblin and a gnoll come into view.
The gnoll is wielding a halberd of freezing.
The goblin is wielding a dagger of venom.
The goblin shouts!
The kobold barely misses you.
The gnoll moves out of view.
A giant cockroach comes into view.
You closely miss the kobold. The kobold barely misses you.
You hit the kobold. The kobold misses you.
You hit the kobold.
You kill the kobold!
You hit the giant cockroach. The giant cockroach barely misses you.
The giant cockroach misses you.
You hit the giant cockroach.
You kill the giant cockroach!
You begin infusing your attacks with magical energy.
The goblin closely misses you.
You now have 2/3 mp.
You hit the goblin.
You kill the goblin!
The gnoll hits you from afar with a halberd of freezing.
The gnoll freezes you.
You take 3 damage, and have 15/19 hp.
You now have 1/3 mp.
A kobold comes into view. It is wielding a dagger.
The kobold shouts!
The gnoll closely misses you.
Items here: ( )) † a dagger of venom; a club; a stone; a kobold corpse You hit the gnoll.
The gnoll hits you with a halberd of freezing!
The gnoll freezes you.
You take 9 damage, and have 6/19 hp.
MASSIVE DAMAGE!!
You now have 0/3 mp.
You hit the gnoll. The gnoll misses you.
A hobgoblin comes into view.
You hit the gnoll. The gnoll barely misses you.
A rat comes into view.
You barely miss the gnoll.
The gnoll hits you with a halberd of freezing!
Ouch! That really hurt!
You die...

* ,, *
..........,
*, ,*
.+......., .
, ....... ..
* , .....,,
r#.
#...#,,g... ,
,+ + #...#
..... , , *
,,#...#...###
* * +
#..@gK..... ,
, ***
,#(#########
* ,#.# ,,#.#
* , , #.# **
* ,#.# * , #
+ #.### * * #
*, #.†.#### *
## #......###
*#.


You could see a gnoll, a hobgoblin, a kobold and a rat (wandering).

Vanquished Creatures
  A giant cockroach (D:1)
  A goblin (D:1)
  2 kobolds (D:1)
4 creatures vanquished.

Notes
Turn   | Place    | Note
-------+----------+-------------------------------------------
     0 | D:1      | Gorglomux the Deep Dwarf Skald began the quest for the Orb.
     0 | D:1      | Reached XP level 1. HP: 19/19 MP: 3/3
   173 | D:1      | Slain by a gnoll

Vault maps used:
D:1:      dpeg_cavernosity, supply_closet_lemuel, minmay_rat_gold_closets

Action                   || total
-------------------------++-------
Melee: Hand axe          ||    11
 Cast: Infusion          ||     2
Armor: Leather armour    ||     1
Dodge: Dodged            ||    11

Vault maps used:
D:1:      dpeg_cavernosity, supply_closet_lemuel, minmay_rat_gold_closets

Table legend:
 A = Turns spent in this place as a percentage of turns spent in the entire game.
 B = Non-inter-level travel turns spent in this place as a percentage of non-inter-level travel turns spent in the entire game.
 C = Inter-level travel turns spent in this place as a percentage of turns spent in this place.
 D = Turns resting spent in this place as a percentage of non-inter-level travel turns spent in this place.
 E = Turns spent auto-exploring this place as a percentage of non-inter-level travel turns spent in this place.
 F = Non-inter-level travel turns spent in this place divided by the number of levels of this place that you've seen.
                   A       B       C       D       E      F
               +-------+-------+-------+-------+-------+----------------------
         Total | 100.0 | 100.0 |   0.0 |   0.0 |  12.5 |  40.0
       Dungeon | 100.0 | 100.0 |   0.0 |   0.0 |  12.5 |  40.0
               +-------+-------+-------+-------+-------+----------------------

Table legend:
 A = Kills in this place as a percentage of kills in entire the game.
 B = Kills by you in this place as a percentage of kills by you in the entire game.
 C = Kills by friends in this place as a percentage of kills by friends in the entire game.
 D = Other kills in this place as a percentage of other kills in the entire game.
 E = Experience gained in this place as a percentage of experience gained in the entire game.
 F = Experience gained in this place divided by the number of levels of this place that you have seen.
                   A       B       C       D       E      F
               +-------+-------+-------+-------+-------+----------------------
         Total | 100.0 | 100.0 |  -nan |  -nan | 100.0 |   7.0
       Dungeon | 100.0 | 100.0 |  -nan |  -nan | 100.0 |   7.0
               +-------+-------+-------+-------+-------+----------------------
